 Dungeon Crawl Stone Soup version 0.25-a0-804-g50c693f418 (webtiles) character file.

Game seed: 17648895461877425627, levelgen mode: deterministic

362 Esekla the Gusty (level 6, -3/33 HPs)
             Began as a Tengu Venom Mage on Apr 19, 2020.
             Slain by an iguana (12 damage)
             ... on level 5 of the Dungeon.
             The game lasted 00:25:02 (3706 turns).

Esekla the Gusty (Tengu Venom Mage)                 Turns: 3706, Time: 00:25:03

Health: -3/33      AC:  2    Str:  8    XL:     6   Next: 66%
Magic:  9/13       EV: 13    Int: 17    God:
Gold:   153        SH:  0    Dex: 15    Spells: 4/13 levels left

rFire    . . .     SeeInvis .   n - +4 short sword
rCold    . . .     Gourm    .   (no shield)
rNeg     . . .     Faith    .   a - +0 robe
rPois    .         Spirit   .   (helmet restricted)
rElec    .         Reflect  .   (no cloak)
rCorr    .         Harm     .   (no gloves)
MR       .....                  (boots unavailable)
Stlth    ++........             (no amulet)
HPRegen  0.11/turn              (no ring)
MPRegen  0.13/turn              (no ring)

@: no status effects
A: beak, talons 3, able to fly
a: Fly


You were on level 5 of the Dungeon.
You were hungry.

You visited 1 branch of the dungeon, and saw 5 of its levels.

You collected 153 gold pieces.

Inventory:

Hand Weapons
 n - a +4 short sword (weapon)
Missiles
 k - 33 poisoned darts (quivered)
Armour
 a - a +0 robe (worn)
Scrolls
 d - 2 scrolls of remove curse {unknown}
 f - 2 scrolls of immolation {unknown}
 g - 3 scrolls of teleportation
 h - a scroll of enchant weapon {unknown}
 i - 2 scrolls of identify {unknown}
 j - a scroll of blinking {unknown}
 l - a scroll of fog {unknown}
Potions
 b - 2 potions of magic {unknown}
 e - 2 potions of curing {unknown}
 o - a potion of cancellation {unknown}
Comestibles
 c - 7 rations


   Skills:
 + Level 0.5 Fighting
 * Level 2.4 Short Blades
 + Level 2.8 Dodging
 - Level 2.0 Stealth
 * Level 4.2 Spellcasting
 * Level 2.3 Conjurations
 - Level 0.7 Transmutations
 + Level 4.2 Air Magic
 + Level 3.0 Poison Magic


You had 4 spell levels left.
You knew the following spells:

 Your Spells              Type           Power        Failure   Level  Hunger
a - Sting                 Tmut/Pois      #...         7%          1    None
b - Ignite Poison         Fire/Tmut/Pois #.......     28%         3    ###....
c - Mephitic Cloud        Conj/Pois/Air  ##......     13%         3    ###....
v - Poisonous Vapours     Pois/Air       ###...       5%          2    ##.....

Your spell library contained the following spells:

 Spells                   Type           Power        Failure   Level  Hunger
 Olgreb's Toxic Radiance  Pois           ##......     41%         4    ####...


Dungeon Overview and Level Annotations

Branches:
Dungeon (5/15)
 Temple: D:4-7

Altars:
Dithmenos
Uskayaw
The Shining One

Annotations:
D:4 Menkaure


Innate Abilities, Weirdness & Mutations

You have a beak for a mouth.
You have claws for feet.
You can fly continuously.


Message History

* * * LOW HITPOINT WARNING * * *
You climb downwards.
An iguana comes into view.
Found 16 arrows.
There is a stone staircase leading up here.
Casting: Poisonous Vapours (safe; 5% risk of failure)
Confirm with . or Enter, or press ? or * to list all spells.
Aiming: Poisonous Vapours (safe; 5% risk of failure)
Press: ? - help, Dir - move target cursor, f - iguana
Aim: an iguana Poisonous vapours surround the iguana!
The iguana is engulfed in poison gas.
The iguana is poisoned.
Casting: Poisonous Vapours (safe; 5% risk of failure)
Confirm with . or Enter, or press ? or * to list all spells.
Aiming: Poisonous Vapours (safe; 5% risk of failure)
Press: ? - help, Dir - move target cursor, f/p - iguana
Aim: an iguana (moderately wounded, poisoned) Poisonous vapours surround the iguana!
The iguana is engulfed in poison gas.
The iguana looks even sicker.
The iguana bites you!
You die...

# .###. .....
...... ###......
###........
####.l@.......
#....<........
(...............
......##........
.##### ...#.....
...#....# ....
..## ........#
####.


You could see an iguana.

Vanquished Creatures
  A phantom (D:4)
  An ogre (D:4)
  Blork the orc (D:4)
  A howler monkey (D:4)
  3 adders
  An adder skeleton (D:4)
  3 worms
  2 dart slugs
  A leopard gecko (D:2)
  An orc (D:3)
  7 bats
  3 giant cockroaches
  7 goblins
  5 hobgoblins
  6 jackals
  2 quokkas
  5 frilled lizards
  2 kobolds
  3 rats (D:2)
55 creatures vanquished.

Notes
Turn   | Place    | Note
-------+----------+-------------------------------------------
     0 | D:1      | Esekla the Tengu Venom Mage began the quest for the Orb.
     0 | D:1      | Reached XP level 1. HP: 10/10 MP: 4/4
   642 | D:2      | Reached XP level 2. HP: 15/15 MP: 6/6
   646 | D:2      | Learned a level 2 spell: Poisonous Vapours
   812 | D:2      | Reached skill level 1 in Air Magic
   815 | D:2      | Reached XP level 3. HP: 14/19 MP: 1/7
   827 | D:2      | Learned a level 3 spell: Mephitic Cloud
  1201 | D:1      | Reached skill level 1 in Short Blades
  1342 | D:1      | Reached skill level 1 in Conjurations
  2013 | D:2      | Noticed a +0 hand axe
  2013 | D:2      | Noticed a +0 dagger
  2020 | D:2      | Found a hide-covered altar of Uskayaw.
  2263 | D:2      | Reached XP level 4. HP: 16/24 MP: 4/9
  2584 | D:3      | Found a glowing golden altar of the Shining One.
  2714 | D:4      | Found a shadowy altar of Dithmenos.
  2737 | D:4      | Noticed a phantom
  2990 | D:4      | Noticed Blork the orc
  3030 | D:3      | Gained mutation: You can fly continuously. [Tengu growth]
  3030 | D:3      | Reached XP level 5. HP: 28/28 MP: 7/10
  3113 | D:4      | Killed Blork the orc
  3233 | D:4      | Noticed an ogre
  3242 | D:4      | Killed an ogre
  3242 | D:4      | Reached XP level 6. HP: 33/33 MP: 3/13
  3601 | D:4      | Killed a phantom
  3606 | D:4      | Learned a level 3 spell: Ignite Poison
  3676 | D:4      | Noticed Menkaure
  3703 | D:5      | Entered Level 5 of the Dungeon
  3706 | D:5      | Slain by an iguana

Levels and vault maps discovered:
D:1:      dpeg_arrival_circle_labyrinth_c, layout_basic
D:2:      layout_basic, dancing_weapons_uskayaw
D:3:      layout_loops_ring, tso_metal_star, tgw_fedhas, lemuel_crystal_altar,
          serial_aquarium, aquarium_bridge_long_separate
          [aquarium_subvault_bridge, aquarium_subvault_bridge,
          aquarium_subvault_balcony, aquarium_subvault_bridge,
          aquarium_subvault_bridge, aquarium_subvault_bridge],
          aquarium_window_1, aquarium_window_2, aquarium_view_2c,
          aquarium_balcony_double_4, first_ration
D:4:      layout_gridville, grunt_dithmenos_smoke, uniq_blork_the_orc,
          uniq_menkaure, uniq_eustachio
D:5:      layout_layer_cave, lemuel_doored_altar

Skill      XL: |  1  2  3  4  5  6 |
---------------+-------------------+-----
Air Magic      | 1 2 3 4 |  4.2
Short Blades   | 1 2 |  2.4
Conjurations   | 1 2 |  2.3
Spellcasting   | 3 4 |  4.2
Fighting       | |  0.5
Dodging        | |  2.8
Stealth        | |  2.0
Transmutations | |  0.7
Poison Magic   | |  3.0

Action                   |  1- 3 |  4- 6 || total
-------------------------+-------+-------++-------
Melee: Short sword       |    69 |    41 ||   110
       Kick              |    10 |     8 ||    18
       Peck              |     7 |     5 ||    12
 Cast: Sting             |     1 |       ||     1
       Poisonous Vapours |    23 |    18 ||    41
       Mephitic Cloud    |       |     2 ||     2
  Use: Scroll            |       |     1 ||     1
 Stab: Sleeping          |     4 |     2 ||     6
  Eat: Chunk             |     2 |     5 ||     7
       Ration            |     1 |       ||     1
Armor: Robe              |    16 |     3 ||    19
Dodge: Dodged            |    44 |    21 ||    65

Table legend:
 A = Non-vault XP
 B = Vault XP
 C = Vault XP percentage of total XP
 D = Non-vault monster count
 E = Vault monster count
 F = Vault count percentage of total count
                 A         B        C        D         E       F
            +---------+---------+-------+---------+---------+-------
      Total |     431 |      87 |  16.8 |      54 |       1 |   1.8
            +---------+---------+-------+---------+---------+-------
        D:1 |      35 |       0 |   0.0 |      19 |       0 |   0.0
        D:2 |      64 |       0 |   0.0 |      19 |       0 |   0.0
        D:3 |      18 |       0 |   0.0 |       8 |       0 |   0.0
        D:4 |     314 |      87 |  21.7 |       8 |       1 |  11.1
            +---------+---------+-------+---------+---------+-------
